General information
			
			
        
        - name: BNet
 
        - type: Ladder 1vs1/FFA
 
        - host: Battle.net
 
        - saver: DirtMcGirt
 
        
map: TerenasStand 
        - players: 2
 
        - length: 21:14
 
        - speed: Fast
 - version: 1.22 W3XP
 - replay type:  Public
 
» download(71 KB)
Players
        team 1 (loser) 
              
              
» 
isuckrealpro (
green | 61 APM | 1295 actions | 21:09)
              
 4 Shadow Hunter 
 2 Serpent Ward
 2 Healing Wave
 2 Beastmaster 
 1 Summon Bear
 1 Summon Quilbeast
 
                » actions 
                
                | Assign group hotkey | 10 |  | 
| Basic commands | 55 |  | 
| Build / train | 65 |  | 
| Enter build submenu | 47 |  | 
| Enter hero's abilities submenu | 6 |  | 
| Remove unit from queue | 1 |  | 
| Right click | 500 |  | 
| Select / deselect | 451 |  | 
| Select group hotkey | 58 |  | 
| Use ability | 102 |  | 
                1295 total
 » units 
                
                | Peon | 19 |  | 
| Grunt | 12 |  | 
| Troll Headhunter/Berserker | 4 |  | 
| Forest Troll Shadow Priest | 1 |  | 
| Raider | 4 |  | 
                40 total
 » upgrades
                
                | Spiked Barricades | 1 |  | 
| Armor | 1 |  | 
| Troll Regeneration | 1 |  | 
| Ensnare | 1 |  | 
| Pillage | 1 |  | 
                5 total
 » buildings
                
                | Altar of Storms | 1 |  | 
| Orc Burrow | 7 |  | 
| Barracks | 2 |  | 
| Voodoo Lounge | 3 |  | 
| War Mill | 2 |  | 
| Watch Tower | 7 |  | 
| Stronghold | 1 |  | 
| Beastiary | 3 |  | 
| Great Hall | 1 |  | 
                27 total
 » build order
                00:07 Altar of Storms
00:11 Orc Burrow
00:59 Barracks
01:31 Orc Burrow
02:02 Voodoo Lounge
02:33 War Mill
02:59 Orc Burrow
03:47 Orc Burrow
05:10 Barracks
06:10 Watch Tower
06:45 Voodoo Lounge
08:21 Watch Tower
08:28 War Mill
10:25 Stronghold
10:31 Orc Burrow
10:37 Voodoo Lounge
11:51 Orc Burrow
13:30 Beastiary
13:32 Beastiary
13:44 Beastiary
14:21 Great Hall
14:35 Orc Burrow
15:27 Watch Tower
18:06 Watch Tower
19:50 Watch Tower
20:24 Watch Tower
20:55 Watch Tower
» items
                
                | Healing Salve | 5 |  | 
| Scroll of Speed | 1 |  | 
| Potion of Healing | 3 |  | 
| Potion of Mana | 1 |  | 
                10 total
  
               team 2 (winner) 
              
              
» 
DirtMcGirt (
teal | 107 APM | 2277 actions | 21:14)
              
 6 Death Knight 
 3 Death Coil
 2 Unholy Aura
 1 Animate Dead
 5 Lich 
 3 Frost Nova
 2 Dark Ritual
 1 Dreadlord 
 1 Carrion Swarm
 
                » actions 
                
                | Assign group hotkey | 15 |  | 
| Basic commands | 1 |  | 
| Build / train | 57 |  | 
| ESC pressed | 1 |  | 
| Enter build submenu | 12 |  | 
| Enter hero's abilities submenu | 12 |  | 
| Remove unit from queue | 2 |  | 
| Right click | 1178 |  | 
| Select / deselect | 672 |  | 
| Select group hotkey | 249 |  | 
| Use ability | 78 |  | 
                2277 total
 » units 
                
                | Acolyte | 3 |  | 
| Ghoul | 11 |  | 
| Crypt Fiend | 10 |  | 
| Obsidian Statue | 5 |  | 
                29 total
 » upgrades
                
                | Burrow | 1 |  | 
| Web | 1 |  | 
| Destroyer Form | 1 |  | 
                3 total
 » buildings
                
                | Altar of Darkness | 1 |  | 
| Crypt | 1 |  | 
| Ziggurat | 5 |  | 
| Graveyard | 1 |  | 
| Nerubian Tower | 1 |  | 
| Tomb of Relics | 1 |  | 
| Halls of the Dead | 1 |  | 
| Slaughterhouse | 1 |  | 
| Black Citadel | 1 |  | 
| Necropolis | 1 |  | 
                14 total
 » build order
                00:15 Altar of Darkness
00:19 Crypt
00:36 Ziggurat
01:10 Ziggurat
01:16 Graveyard
01:51 Nerubian Tower
02:49 Tomb of Relics
05:04 Ziggurat
06:36 Halls of the Dead
10:36 Slaughterhouse
11:00 Black Citadel
11:10 Ziggurat
13:14 Ziggurat
14:16 Necropolis
» items
                
                | Rod of Necromancy | 2 |  | 
| Potion of Healing | 2 |  | 
| Potion of Mana | 1 |  | 
                5 total
  
                Chat log
          (00:09 / All) DirtMcGirt: ugh why i always get this shit race
(00:15 / All) isuckrealpro: lol ur ne
(00:28 / All) DirtMcGirt: mb mb not ...
(00:32 / All) DirtMcGirt: u mh>
(00:34 / All) isuckrealpro: lol
(00:37 / All) DirtMcGirt: ?
(00:37 / All) DirtMcGirt: lol
(00:44 / All) DirtMcGirt: gl hf
(00:49 / All) isuckrealpro: ahh how sweet
(01:03 / All) isuckrealpro: live long and prosper
(01:06 / All) DirtMcGirt: yes
(01:38 / All) DirtMcGirt: i like this map
(01:43 / All) isuckrealpro: me too
(01:52 / All) DirtMcGirt: o boy
(02:06 / All) DirtMcGirt: hmm
(02:08 / All) DirtMcGirt: two peon?
(02:10 / All) DirtMcGirt: 3 peon
(04:28 / All) DirtMcGirt: nice strat bor
(18:55 / All) DirtMcGirt: gg